AoeStats
← albanplumed

African Clearing

504598052Analyzed
4v4 RM · 25d ago on Sep 5, 2026· 58m 12s· 8 players
Game mode
Random Map
Map size
Large (8 player)
Population
200
Speed
Normal
Resources
Standard
Victory
Conquest
Starting age
Dark Age
Ending age
Imperial Age
RankedLock teamsTeams togetherTeam positionsShared explorationLock speedFull tech treeHidden civsTurbo modeCheats
Victory
Defeat
🇦🇷 Vietnamese · Argentina
1419
+14
🇹🇼 Mongols · Taiwan
1375
+16
🇦🇷 Georgians · Argentina
1358
+17
🇦🇷 Gurjaras · Argentina
1358
+17
🇹🇷 Huns · Türkiye
1431
-19
🇹🇷 Berbers · Türkiye
1424
-18
🇹🇷 Vietnamese · Türkiye
1352
-15
🇹🇷 Spanish · Türkiye
1289
-12
Jogadinha do Paqueta
3:17 Loom
12:01 Feudal Age
12:43 Double-Bit Axe
14:37 Fletching
23:40 Castle Age
22:05 Padded Archer Armor
22:45 Horse Collar
24:37 Bodkin Arrow
24:30 Crossbowman
26:42 Wheelbarrow
26:25 Bow Saw
27:14 Leather Archer Armor
28:53 Hand Cart
31:03 Husbandry
31:16 Bloodlines
31:09 Husbandry
32:16 Ballistics
32:17 Thumb Ring
39:15 Imperial Age
40:59 Chemistry
40:03 Bracer
40:35 Ring Archer Armor
42:57 Elite Rattan Archer
57:18 Siege Engineers
jAvi
13:08 Feudal Age
13:55 Double-Bit Axe
16:48 Castle Age
15:37 Forging
15:54 Loom
17:53 Bow Saw
29:09 Horse Collar
32:15 Wheelbarrow
31:26 Town Watch
32:00 Husbandry
32:39 Scale Barding Armor
34:07 Fletching
34:53 Bloodlines
35:12 Ballistics
35:50 Bodkin Arrow
37:59 Hand Cart
38:14 Heavy Plow
38:07 Gold Mining
38:07 Stone Mining
42:48 Imperial Age
41:04 Chain Barding Armor
41:59 Svan Towers
42:30 Iron Casting
41:48 Light Cavalry
42:49 Elite Monaspa
44:17 Plate Barding Armor
44:19 Conscription
45:52 Blast Furnace
47:14 Aznauri Cavalry
49:05 Bracer
52:48 Chemistry
52:51 Stone Shaft Mining
54:49 Parthian Tactics
55:54 Crop Rotation
Mari4N
6:01 Loom
13:06 Feudal Age
15:55 Scale Barding Armor
23:14 Castle Age
29:03 Double-Bit Axe
38:30 Wheelbarrow
38:16 Horse Collar
42:31 Hand Cart
46:01 Imperial Age
45:25 Chain Barding Armor
45:15 Forging
46:03 Bloodlines
45:54 Husbandry
47:08 Elite Chakram Thrower
50:04 Heavy Camel Rider
51:19 Scale Mail Armor
52:02 Iron Casting
52:02 Plate Barding Armor
51:29 Light Cavalry
52:37 Kshatriyas
52:24 Hussar
taj
7:52 Loom
12:52 Feudal Age
17:42 Castle Age
16:32 Double-Bit Axe
18:32 Fletching
26:02 Husbandry
27:16 Padded Archer Armor
40:49 Wheelbarrow
41:51 Bodkin Arrow
41:53 Horse Collar
42:57 Stone Mining
43:41 Scale Barding Armor
44:08 Bow Saw
47:11 Imperial Age
44:59 Bloodlines
48:19 Conscription
48:30 Heavy Plow
49:10 Chain Barding Armor
49:01 Forging
53:03 Iron Casting
52:29 Bracer
53:34 Leather Archer Armor
53:02 Elite Steppe Lancer
55:26 Drill
56:21 Blast Furnace
57:42 Scale Mail Armor
ysk
11:55 Loom
14:27 Feudal Age
18:17 Castle Age
23:52 Double-Bit Axe
32:15 Horse Collar
39:08 Wheelbarrow
38:20 Town Watch
39:13 Bow Saw
44:19 Imperial Age
42:06 Hand Cart
41:47 Gold Mining
42:14 Stone Mining
44:32 Pikeman
45:14 Squires
48:20 Conscription
47:23 Capped Ram
49:46 Halberdier
51:14 Elite Genitour
53:51 Forging
53:47 Scale Barding Armor
53:43 Scale Mail Armor
53:55 Forging
53:43 Fletching
54:03 Forging
54:04 Fletching
54:24 Forging
54:20 Scale Barding Armor
54:58 Bodkin Arrow
55:18 Chain Mail Armor
55:54 Bracer
55:55 Padded Archer Armor
55:20 Elite Genitour
OsmanAbi
4:54 Loom
13:38 Feudal Age
20:41 Castle Age
19:50 Bloodlines
20:48 Double-Bit Axe
20:45 Horse Collar
25:39 Fletching
29:12 Bodkin Arrow
29:58 Padded Archer Armor
30:57 Husbandry
34:54 Ballistics
35:33 Gold Mining
35:33 Stone Mining
36:36 Bow Saw
38:53 Gold Shaft Mining
41:19 Imperial Age
40:03 Marauders
40:49 Scale Barding Armor
40:55 Forging
42:29 Conscription
42:47 Elite Genitour
44:34 Chain Barding Armor
46:06 Plate Barding Armor
46:35 Bracer
47:15 Iron Casting
49:57 Chemistry
49:18 Leather Archer Armor
50:04 Blast Furnace
52:00 Wheelbarrow
51:11 Town Watch
54:00 Murder Holes
54:15 Masonry
55:19 Parthian Tactics
Sem
7:10 Loom
13:29 Feudal Age
14:18 Double-Bit Axe
16:46 Bloodlines
41:55 Castle Age
albanplumed
4:10 Loom
14:39 Feudal Age
16:53 Double-Bit Axe
22:32 Castle Age
22:57 Elite Skirmisher
29:00 Fletching
34:13 Wheelbarrow
36:54 Bodkin Arrow
37:00 Padded Archer Armor
37:32 Ballistics
44:25 Imperial Age
44:28 Gold Mining
44:22 Horse Collar
47:21 Bracer
49:01 Leather Archer Armor
51:38 Chemistry
51:09 Imperial Skirmisher
53:56 Paper Money
56:41 Thumb Ring
56:41 Elite Rattan Archer
58:45 Hoardings
Connection lost

Rejoining the realm…

Still unreachable

The connection could not be restored.

Session expired

The server has moved on; the page needs a fresh start.